| TOP OF THE 1ST |
|
Palm Beach Nationals batting - Pitching for Americus Braves : RHP Danny Sosa
|
|
Pitching: RHP Danny Sosa
|
|
|
Batting: RHB Victor Rojas
|
0-0: Ball 1-0: Swinging Strike 1-1: Swinging Strike 1-2: Strikes out swinging
|
|
Batting: RHB Charlie Iacovone
|
0-0: Called Strike 0-1: Ground out 4-3 (Groundball, 4D, EV 101.9 MPH)
|
|
Batting: RHB Rudolph Lentz
|
0-0: Called Strike 0-1: Ball 1-1: Ball 2-1: Ground out 5-3 (Groundball, 56, EV 86.2 MPH)
|
| Top of the 1st over - 0 runs, 0 hits, 0 errors, 0 left on base; Palm Beach 0 - Americus 0 |
| BOTTOM OF THE 1ST |
|
Americus Braves batting - Pitching for Palm Beach Nationals : LHP Mark Ellis
|
|
Pitching: LHP Mark Ellis
|
|
|
Batting: RHB Alex Guerra
|
0-0: Ball 1-0: Ball 2-0: Called Strike 2-1: Called Strike 2-2: Foul Ball, location: 2F 2-2: Ground out 4-3 (Groundball, 4, EV 91.2 MPH)
|
|
Batting: RHB Ryan Cole
|
0-0: Ball 1-0: Ground out U3 (Groundball, 3S, EV 73.1 MPH)
|
|
Batting: RHB Scott Hansen
|
0-0: Foul Ball, location: 2F 0-1: Ball 1-1: Foul Ball, location: 2F 1-2: Ball 2-2: Ball 3-2: Ground out 4-3 (Groundball, P, EV 83.8 MPH)
|
| Bottom of the 1st over - 0 runs, 0 hits, 0 errors, 0 left on base; Palm Beach 0 - Americus 0 |
| TOP OF THE 2ND |
|
Palm Beach Nationals batting - Pitching for Americus Braves : RHP Danny Sosa
|
|
Batting: RHB Jess Thomas
|
0-0: Ground out 6-3 (Groundball, 6, EV 80.0 MPH)
|
|
Batting: RHB Kenny Ball
|
0-0: Ball 1-0: Ball 2-0: Fly out, F9 (Flyball, 9D, EV 100.0 MPH)
|
|
Batting: LHB Tony Olvera
|
0-0: Ball 1-0: Ball 2-0: Foul Ball, location: 2F 2-1: SINGLE (Groundball, 25, EV 67.5 MPH) (infield hit)
|
|
Batting: SHB John Husson
|
0-0: Foul Ball, location: 2F 0-1: Called Strike 0-2: Strikes out swinging
|
| Top of the 2nd over - 0 runs, 1 hit, 0 errors, 1 left on base; Palm Beach 0 - Americus 0 |
| BOTTOM OF THE 2ND |
|
Americus Braves batting - Pitching for Palm Beach Nationals : LHP Mark Ellis
|
|
Batting: RHB Josh Maxwell
|
0-0: Swinging Strike 0-1: Swinging Strike 0-2: Ball 1-2: Foul Ball, location: 2F 1-2: Strikes out swinging
|
|
Batting: RHB Jose Florez
|
0-0: Ball 1-0: Fly out, F9 (Flyball, 9D, EV 95.0 MPH)
|
|
Batting: RHB Bart Stevensdick
|
0-0: Called Strike 0-1: Ball 1-1: Foul Ball, location: 2F 1-2: Ball 2-2: Foul Ball, location: 2F 2-2: Ball 3-2: Foul Ball, location: 2F 3-2: Foul Ball, location: 2F 3-2: Strikes out looking
|
| Bottom of the 2nd over - 0 runs, 0 hits, 0 errors, 0 left on base; Palm Beach 0 - Americus 0 |
| TOP OF THE 3RD |
|
Palm Beach Nationals batting - Pitching for Americus Braves : RHP Danny Sosa
|
|
Batting: RHB Alex Gonzalez
|
0-0: Called Strike 0-1: Hit by Pitch
|
|
Batting: RHB Franklin Ortega
|
0-0: Called Strike 0-1: Ball 1-1: Grounds into double play, 4-6-3 (Groundball, 4, EV 101.2 MPH)
|
|
Batting: RHB Victor Rojas
|
0-0: Swinging Strike 0-1: Fly out, F3 (Popup, 23F, EV 79.4 MPH)
|
| Top of the 3rd over - 0 runs, 0 hits, 0 errors, 0 left on base; Palm Beach 0 - Americus 0 |
| BOTTOM OF THE 3RD |
|
Americus Braves batting - Pitching for Palm Beach Nationals : LHP Mark Ellis
|
|
Batting: RHB Juan Barela
|
0-0: Ball 1-0: Ball 2-0: Ground out 5-3 (Groundball, 56S, EV 67.5 MPH)
|
|
Batting: LHB Pappy Sterile
|
0-0: Called Strike 0-1: Ball 1-1: DOUBLE (Line Drive, 7LM, EV 105.0 MPH)
|
|
Batting: RHB Chris Foss
|
0-0: Called Strike Pappy Sterile steals 3rd base 0-1: Foul Ball, location: 2F 0-2: Ball 1-2: Ball 2-2: Ground out 6-3 (Groundball, 6, EV 83.8 MPH) Pappy Sterile scores
|
|
Batting: RHB Alex Guerra
|
0-0: Foul Ball, location: 2F 0-1: Ball 1-1: Called Strike 1-2: Foul Ball, location: 2F 1-2: Ground out 6-3 (Groundball, 6, EV 100.6 MPH)
|
| Bottom of the 3rd over - 1 run, 1 hit, 0 errors, 0 left on base; Palm Beach 0 - Americus 1 |
| TOP OF THE 4TH |
|
Palm Beach Nationals batting - Pitching for Americus Braves : RHP Danny Sosa
|
|
Batting: RHB Charlie Iacovone
|
0-0: Ball 1-0: Ball 2-0: Fly out, F8 (Flyball, 8RS, EV 91.9 MPH)
|
|
Batting: RHB Rudolph Lentz
|
0-0: SOLO HOME RUN (Flyball, 78XD, EV 111.2 MPH), Distance : 417 ft
|
|
Batting: RHB Jess Thomas
|
0-0: Called Strike 0-1: Called Strike 0-2: Foul Ball, location: 2F 0-2: Strikes out swinging
|
|
Batting: RHB Kenny Ball
|
0-0: Ball 1-0: Ball 2-0: Ball 3-0: Called Strike 3-1: Base on Balls
|
|
Batting: LHB Tony Olvera
|
0-0: Fly out, F9 (Flyball, 89D, EV 103.1 MPH)
|
| Top of the 4th over - 1 run, 1 hit, 0 errors, 1 left on base; Palm Beach 1 - Americus 1 |
| BOTTOM OF THE 4TH |
|
Americus Braves batting - Pitching for Palm Beach Nationals : LHP Mark Ellis
|
|
Batting: RHB Ryan Cole
|
0-0: Ball 1-0: Foul Ball, location: 2F 1-1: Swinging Strike 1-2: Ball 2-2: Foul Ball, location: 2F 2-2: Ground out 3-1 (Groundball, 3D, EV 101.9 MPH)
|
|
Batting: RHB Scott Hansen
|
0-0: Ball 1-0: Ball 2-0: Swinging Strike 2-1: Ball 3-1: SINGLE (Groundball, 34D, EV 94.4 MPH)
|
|
Batting: RHB Josh Maxwell
|
0-0: Called Strike 0-1: Ball Balk! Scott Hansen to second 1-1: Called Strike 1-2: Strikes out looking
|
|
Batting: RHB Jose Florez
|
0-0: Swinging Strike 0-1: Swinging Strike 0-2: Foul Ball, location: 2F 0-2: Strikes out swinging
|
| Bottom of the 4th over - 0 runs, 1 hit, 0 errors, 1 left on base; Palm Beach 1 - Americus 1 |
| TOP OF THE 5TH |
|
Palm Beach Nationals batting - Pitching for Americus Braves : RHP Danny Sosa
|
|
Batting: SHB John Husson
|
0-0: Foul Ball, location: 2F 0-1: Swinging Strike 0-2: Foul Ball, location: 2F 0-2: Ball 1-2: Ball 2-2: Ball 3-2: Foul Ball, location: 2F 3-2: Ground out 4-3 (Groundball, 4, EV 81.9 MPH)
|
|
Batting: RHB Alex Gonzalez
|
0-0: Swinging Strike 0-1: Ball 1-1: Ball 2-1: Swinging Strike 2-2: Ball 3-2: Foul Ball, location: 2F 3-2: Foul Ball, location: 2F 3-2: Strikes out swinging
|
|
Batting: RHB Franklin Ortega
|
0-0: Ball 1-0: Ball 2-0: Ball 3-0: Called Strike 3-1: Base on Balls
|
|
Batting: RHB Victor Rojas
|
0-0: Ball 1-0: Called Strike 1-1: Swinging Strike 1-2: Foul Ball, location: 2F 1-2: Ball 2-2: Ball 3-2: Foul Ball, location: 2F 3-2: Foul Ball, location: 2F 3-2: Base on Balls Franklin Ortega to second
|
|
Batting: RHB Charlie Iacovone
|
0-0: Called Strike 0-1: DOUBLE (Line Drive, 8RXD, EV 108.8 MPH) Franklin Ortega scores Victor Rojas to third Runner from 3rd tries for Home, SAFE, throw by CF to trailing runner, SAFE at third!
|
|
Pitching: RHP Aaron Frey
|
|
|
Batting: RHB Rudolph Lentz
|
0-0: Fly out, F4 (Flyball, 4MD, EV 86.2 MPH)
|
| Top of the 5th over - 2 runs, 1 hit, 0 errors, 1 left on base; Palm Beach 3 - Americus 1 |
| BOTTOM OF THE 5TH |
|
Americus Braves batting - Pitching for Palm Beach Nationals : LHP Mark Ellis
|
|
Batting: RHB Bart Stevensdick
|
0-0: Called Strike 0-1: Foul Ball, location: 2F 0-2: Fly out, F8 (Flyball, 8LM, EV 81.2 MPH)
|
|
Batting: RHB Juan Barela
|
0-0: Ground out 1-3 (Groundball, 25, EV 68.8 MPH)
|
|
Batting: LHB Pappy Sterile
|
0-0: Called Strike 0-1: Foul Ball, location: 2F 0-2: Foul Ball, location: 2F 0-2: Foul Ball, location: 2F 0-2: Ball 1-2: Strikes out swinging
|
| Bottom of the 5th over - 0 runs, 0 hits, 0 errors, 0 left on base; Palm Beach 3 - Americus 1 |
| TOP OF THE 6TH |
|
Palm Beach Nationals batting - Pitching for Americus Braves : RHP Aaron Frey
|
|
Batting: RHB Jess Thomas
|
0-0: Called Strike 0-1: SINGLE (Line Drive, 9S, EV 100.6 MPH)
|
|
Batting: RHB Kenny Ball
|
0-0: Called Strike 0-1: Foul Ball, location: 2F 0-2: Reached on error, E1 (Groundball, 13S, EV 66.9 MPH) Jess Thomas to second
|
|
Batting: LHB Tony Olvera
|
0-0: Ball 1-0: Ball 2-0: Ball 3-0: Base on Balls Jess Thomas to third Kenny Ball to second
|
|
Batting: SHB John Husson
|
0-0: Called Strike 0-1: Foul Ball, location: 2F 0-2: Ball 1-2: Foul Ball, location: 2F 1-2: Strikes out looking and he ARGUES THE CALL AND IS TOSSED!
|
|
Batting: RHB Alex Gonzalez
|
0-0: Called Strike 0-1: Foul Ball, location: 2F 0-2: Ball 1-2: Strikes out looking
|
|
Batting: RHB Franklin Ortega
|
0-0: Called Strike 0-1: Called Strike 0-2: Ball 1-2: Foul Ball, location: 2F 1-2: Foul Ball, location: 2F 1-2: Strikes out swinging
|
| Top of the 6th over - 0 runs, 1 hit, 1 error, 3 left on base; Palm Beach 3 - Americus 1 |
| BOTTOM OF THE 6TH |
|
Americus Braves batting - Pitching for Palm Beach Nationals : LHP Mark Ellis
|
|
Pitching: RHP Yorinobu Matsumoto
|
|
|
Now at C: Dusty Jones
|
|
|
Batting: RHB Chris Foss
|
0-0: Foul Ball, location: 2F 0-1: Foul Ball, location: 2F 0-2: Strikes out swinging
|
|
Batting: RHB Alex Guerra
|
0-0: Called Strike 0-1: Ball 1-1: Ground out 4-3 (Groundball, 4, EV 85.6 MPH)
|
|
Batting: RHB Ryan Cole
|
0-0: Ball 1-0: Ball 2-0: Ball 3-0: Base on Balls
|
|
Batting: RHB Scott Hansen
|
0-0: Ball 1-0: Ball 2-0: Ball Ryan Cole steals 2nd base 3-0: Called Strike 3-1: Foul Ball, location: 2F 3-2: Foul Ball, location: 2F 3-2: Ground out 5-3 (Groundball, 56S, EV 83.1 MPH)
|
| Bottom of the 6th over - 0 runs, 0 hits, 0 errors, 1 left on base; Palm Beach 3 - Americus 1 |
| TOP OF THE 7TH |
|
Palm Beach Nationals batting - Pitching for Americus Braves : RHP Aaron Frey
|
|
Batting: RHB Victor Rojas
|
0-0: Called Strike 0-1: Foul Ball, location: 2F 0-2: Ball 1-2: Strikes out swinging
|
|
Batting: RHB Charlie Iacovone
|
0-0: Fly out, F7 (Flyball, 7S, EV 89.4 MPH)
|
|
Batting: RHB Rudolph Lentz
|
0-0: Foul Ball, location: 2F 0-1: Called Strike 0-2: Ball 1-2: Ball 2-2: Ground out 6-3 (Groundball, 56D, EV 78.1 MPH)
|
| Top of the 7th over - 0 runs, 0 hits, 0 errors, 0 left on base; Palm Beach 3 - Americus 1 |
| BOTTOM OF THE 7TH |
|
Americus Braves batting - Pitching for Palm Beach Nationals : RHP Yorinobu Matsumoto
|
|
Batting: RHB Josh Maxwell
|
0-0: Ball 1-0: Swinging Strike 1-1: Called Strike 1-2: Foul Ball, location: 2F 1-2: Foul Ball, location: 2F 1-2: Ball 2-2: Strikes out looking
|
|
Batting: RHB Jose Florez
|
0-0: Ball 1-0: SINGLE (Groundball, 56S, EV 73.1 MPH) (infield hit)
|
|
Pinch Hitting: RHB Wilson Salgado
|
0-0: Called Strike Jose Florez steals 2nd base 0-1: Fly out, F7 (Flyball, 7, EV 91.2 MPH)
|
|
Batting: RHB Juan Barela
|
0-0: Swinging Strike 0-1: Ball 1-1: Swinging Strike 1-2: Strikes out swinging
|
| Bottom of the 7th over - 0 runs, 1 hit, 0 errors, 1 left on base; Palm Beach 3 - Americus 1 |
| TOP OF THE 8TH |
|
Palm Beach Nationals batting - Pitching for Americus Braves : RHP Aaron Frey
|
|
Now at 2B: Alex Guerra
|
|
|
Now at SS: Wilson Salgado
|
|
|
Batting: RHB Jess Thomas
|
0-0: Ball 1-0: Ball 2-0: Called Strike 2-1: Ground out 4-3 (Groundball, 34, EV 106.2 MPH)
|
|
Batting: RHB Kenny Ball
|
0-0: Ground out 4-3 (Groundball, 4MD, EV 91.2 MPH)
|
|
Batting: LHB Tony Olvera
|
0-0: Ball 1-0: Foul Ball, location: 2F 1-1: Swinging Strike 1-2: Fly out, F8 (Flyball, 8LD, EV 92.5 MPH)
|
| Top of the 8th over - 0 runs, 0 hits, 0 errors, 0 left on base; Palm Beach 3 - Americus 1 |
| BOTTOM OF THE 8TH |
|
Americus Braves batting - Pitching for Palm Beach Nationals : RHP Yorinobu Matsumoto
|
|
Batting: LHB Pappy Sterile
|
0-0: Called Strike 0-1: Foul Ball, location: 2F 0-2: Foul Ball, location: 2F 0-2: Strikes out swinging
|
|
Batting: RHB Chris Foss
|
0-0: SINGLE (Line Drive, 7S, EV 103.8 MPH)
|
|
Pitching: RHP Cody Hadden
|
|
|
Batting: RHB Alex Guerra
|
0-0: Ball 1-0: Ball 2-0: Ball 3-0: Called Strike 3-1: Foul Ball, location: 2F 3-2: Strikes out swinging
|
|
Batting: RHB Ryan Cole
|
0-0: Ball 1-0: Ball 2-0: Called Strike 2-1: Foul Ball, location: 2F 2-2: Strikes out swinging
|
| Bottom of the 8th over - 0 runs, 1 hit, 0 errors, 1 left on base; Palm Beach 3 - Americus 1 |
| TOP OF THE 9TH |
|
Palm Beach Nationals batting - Pitching for Americus Braves : RHP Aaron Frey
|
|
Pinch Hitting: RHB Qian Tai
|
0-0: Foul Ball, location: 2F 0-1: Swinging Strike 0-2: Ball 1-2: Foul Ball, location: 2F 1-2: Fly out, F9 (Flyball, 89S, EV 90.0 MPH)
|
|
Batting: RHB Alex Gonzalez
|
0-0: Ball 1-0: SINGLE (Groundball, 4MD, EV 100.0 MPH)
|
|
Pinch Hitting: RHB Ryan Wright
|
0-0: Ball 1-0: Called Strike 1-1: Ball 2-1: Ball 3-1: Base on Balls Alex Gonzalez to second
|
|
Pitching: RHP Outa Tamura
|
|
|
Batting: RHB Victor Rojas
|
0-0: Swinging Strike 0-1: Ball 1-1: Fly out, F7 (Flyball, 7LM, EV 100.0 MPH)
|
|
Batting: RHB Charlie Iacovone
|
0-0: Called Strike 0-1: Ball 1-1: Foul Ball, location: 2F 1-2: Ball 2-2: Strikes out swinging
|
| Top of the 9th over - 0 runs, 1 hit, 0 errors, 2 left on base; Palm Beach 3 - Americus 1 |
| BOTTOM OF THE 9TH |
|
Americus Braves batting - Pitching for Palm Beach Nationals : RHP Cody Hadden
|
|
Now at C: Nelson Franco
|
|
|
Now at 3B: Trent Spivey
|
|
|
Now at SS: Ivan Torres
|
|
|
Now in LF: Joe Simmelink
|
|
|
Batting: RHB Scott Hansen
|
0-0: Ball 1-0: Foul Ball, location: 2F 1-1: Foul Ball, location: 2F 1-2: Fly out, F8 (Flyball, 8LXD, EV 101.9 MPH)
|
|
Batting: RHB Bill Horne
|
0-0: Ball 1-0: Fly out, F7 (Flyball, 7, EV 95.0 MPH)
|
|
Pinch Hitting: LHB Garret Mathis
|
0-0: Called Strike 0-1: Foul Ball, location: 2F 0-2: Ball 1-2: Ball 2-2: Ball 3-2: Fly out, F8 (Flyball, 8RXD, EV 93.1 MPH)
|
| Bottom of the 9th over - 0 runs, 0 hits, 0 errors, 0 left on base; Palm Beach 3 - Americus 1 |
|